 Dungeon Crawl Stone Soup version 0.32-a0-921-g04a7ad8 (webtiles) character file.

Game seed: 16534812008993445994

1191 123123 the Ruffian (level 8, 0/54 HPs)
             Began as an Octopode Shapeshifter on Apr 12, 2024.
             Was a Follower of Elyvilon.
             Engulfed by a steam dragon's steam (11 damage)
             ... on level 5 of the Dungeon.
             The game lasted 00:10:05 (3944 turns).

123123 the Ruffian (Octopode Shapeshifter)          Turns: 3944, Time: 00:10:06

Health: 0/54       AC:  1    Str: 15    XL:     8   Next: 43%
Magic:  8/8        EV: 12    Int: 13    God:    Elyvilon [*.....]
Gold:   232        SH:  0    Dex: 11    Spells: 7/7 levels left

rFire   . .          .
                       - Unarmed
rCold   . . .        (no shield)
rNeg    . . .        (helmet currently unavailable)
rPois   .            y - amulet of regeneration
rElec   .            q - ring of see invisible
rCorr   .            r - ring of flight
SInv    +            (no ring)
Will    .....        (no ring)
Stlth   ++++         (no ring)
HPRegen 1.09/turn    (no ring)
MPRegen 0.11/turn    (no ring)
                     (no ring)

%: no passive effects
@: beast-form, flying
A: beast (slay +3), almost no armour, amphibious, 8 rings, camouflage 1,
gelatinous body 1, (nimble swimmer 1), tentacles
a: Begin Untransformation, Renounce Religion, Purification


You were on level 5 of the Dungeon.
You worshipped Elyvilon.
Elyvilon was aware of your devotion.
You were a hulking beast.
You visited 2 branches of the dungeon, and saw 6 of its levels.

You collected 232 gold pieces.

Inventory:

Hand Weapons
 a - a +0 hand cannon of freezing
Jewellery
 j - a ring of fire
 q - a ring of see invisible (left tentacle)
 r - a ring of flight (right tentacle)
 y - an amulet of regeneration (around mantle)
Talismans
 b - a beast talisman (active)
 c - a flux talisman
Wands
 o - a wand of flame (23)
 p - a wand of charming (10)
Scrolls
 d - 5 scrolls of teleportation {unknown}
 e - 4 scrolls of identify {unknown}
 k - a scroll of poison {unknown}
 l - a scroll of vulnerability {unknown}
 m - a scroll of enchant weapon {unknown}
 n - 2 scrolls of fog {unknown}
 t - a scroll of amnesia {unknown}
 w - a scroll of immolation {unknown}
 x - a scroll of brand weapon {unknown}
Potions
 f - a potion of invisibility {unknown}
 g - a potion of haste {unknown}
 h - 2 potions of curing
 i - 4 potions of ambrosia
 s - a potion of degeneration {unknown}
 u - a potion of magic {unknown}
 v - a potion of cancellation {unknown}
 z - a potion of attraction {unknown}


   Skills:
 + Level 3.9 Fighting
 - Level 2.0 Dodging
 + Level 5.3 Stealth
 * Level 6.4 Unarmed Combat
 * Level 6.0 Shapeshifting


You had 7 spell levels left.
You didn't know any spells.
Your spell library contained the following spells:

 Spells                   Type           Power      Damage    Failure   Level
 Sting                    Conj/Alch      0%         1d3       30%         1
 Summon Small Mammal      Summ           0%         N/A       30%         1
 Mercury Vapours          Alch/Air       0%         N/A       43%         2
 Call Canine Familiar     Summ           0%         N/A       67%         3
 Olgreb's Toxic Radiance  Alch           0%         N/A       97%         4
 Summon Blazeheart Golem  Fire/Summ      0%         N/A       97%         4


Dungeon Overview and Level Annotations

Branches:
Dungeon (5/15)             Temple (1/1) D:4

Altars:
Ashenzari
Cheibriados
Dithmenos
Elyvilon
Fedhas
Gozag
Hepliaklqana
Kikubaaqudgha
Nemelex Xobeh
Okawaru
Qazlal
Ru
Trog
Uskayaw
Vehumet
Wu Jian
Xom
Yredelemnul
Zin
The Shining One

Annotations:
D:4 3 runed translucent doors, diche's ghost, amateur BaHs; domd2's ghost, novice MiGl; mungil's ghost, amateur OpSh; rotlqkf's ghost, novice DECj; spidder's ghost, amateur OpSh


Innate Abilities, Weirdness & Mutations

You are a hulking beast.
Your limbs bulge with bestial killing power. (Slay +3)
You cannot wear most types of armour.
You are amphibious.
You can wear up to eight rings at the same time.
Your skin changes colour to match your surroundings (Stealth+).
Your rubbery body absorbs attacks. (AC +1, EV +1)
((You are camouflaged when in or above water. (Stealth+)))
You have tentacles for arms and can constrict up to eight enemies at once.


Message History

Your tentacle-slap misses the ice beast.
You squeeze the ice beast.
The ice beast is moderately wounded.
The ice beast hits you. The ice beast freezes you!
You bludgeon the ice beast!
The ice beast is severely wounded.
The ice beast hits you. The ice beast freezes you!
* * * LOW HITPOINT WARNING * * *
It was a potion of curing.
You feel better.
The ice beast hits you but does no damage.
Aiming: Throw Flame
Press: ? - help, Shift-Dir - straight line, f/p - steam dragon
Aim: a steam dragon (moderately wounded, 68% to hit)
The puff of flame hits the ice beast but does no damage.
The ice beast is severely wounded.
The ice beast closely misses you.
Unknown command.
Aiming: Throw Flame
Press: ? - help, Shift-Dir - straight line, f/p - steam dragon
Aim: a steam dragon (moderately wounded, 68% to hit)
The puff of flame hits the ice beast!
The ice beast melts!
You kill the ice beast!
The steam dragon breathes steam at you. The ball of steam hits you!
* * * LOW HITPOINT WARNING * * *
Your Shapeshifting skill increases to level 6!
Unknown command.
Unknown command.
You feel better.
You are engulfed in a cloud of scalding steam.
* * * LOW HITPOINT WARNING * * *
Unknown command.
Unknown command.
Unknown command.
Okay, then.
Okay, then.
Unknown command.
Okay, then.
You are engulfed in a cloud of scalding steam.
You die...

#.#####..............#
###.####...###.#### #
#.# #..........####
#.# #...###........
#.# ##### #.##.####
#.# #.##.## #
#.##########.#...###
#.#§..............##
#.#h######........>.
#.#§# ......#.....##
#.#D##.####.##...###
#.#§....##.. #...###
###.#.##...... ..#....
#..D.......#...#...###
#...............###.##
......#.#.####.#.
####..#.#.# #


You could see a steam dragon.

Vanquished Creatures
  Eustachio (D:4)
  Sigmund (D:2)
  A water moccasin (D:5)
  An ice beast (D:5)
  A black bear (D:5)
  An ogre (D:4)
  A phantom (D:5)
  2 scorpions (D:4)
  A bombardier beetle (D:4)
  A hound (D:5)
  An orc priest (D:4)
  4 iguanas
  An orc wizard (D:3)
  4 adders
  3 ribbon worms
  5 dart slugs
  6 orcs
  2 bats
  4 endoplasms
  4 giant cockroaches
  5 goblins
  4 hobgoblins
  3 jackals (D:1)
  3 kobolds
  7 quokkas
  3 ball pythons
  2 frilled lizards
  7 rats
79 creatures vanquished.

Notes
Turn   | Place    | Note
-------+----------+-------------------------------------------
     0 | D:1      | 123123 the Octopode Shapeshifter began the quest for the
                  | Orb.
     0 | D:1      | Reached XP level 1. HP: 13/13 MP: 1/1
   240 | D:1      | Reached XP level 2. HP: 9/18 MP: 2/2
   678 | D:1      | Reached skill level 1 in Stealth
   892 | D:2      | Noticed Sigmund
  1092 | D:2      | Reached XP level 3. HP: 23/23 MP: 3/3
  1234 | D:2      | Killed Sigmund
  1235 | D:2      | Reached XP level 4. HP: 19/29 MP: 4/4
  1235 | D:2      | Reached XP level 5. HP: 23/34 MP: 5/5
  2451 | D:3      | Reached XP level 6. HP: 40/40 MP: 6/6
  2709 | D:4      | Found a runed translucent gate.
  2709 | D:4      | Noticed domd2's ghost (novice MiGl)
  2710 | D:4      | Found a runed translucent gate.
  2712 | D:4      | Found a runed translucent gate.
  2712 | D:4      | Noticed diche's ghost (amateur BaHs)
  2713 | D:4      | Noticed mungil's ghost (amateur OpSh)
  2713 | D:4      | Noticed spidder's ghost (amateur OpSh)
  2714 | D:4      | Noticed rotlqkf's ghost (novice DECj)
  2877 | D:4      | Reached skill level 5 in Unarmed Combat
  2877 | D:4      | Reached XP level 7. HP: 20/45 MP: 7/7
  3011 | D:4      | Found a staircase to the Ecumenical Temple.
  3027 | Temple   | Entered the Ecumenical Temple
  3066 | Temple   | Became a worshipper of Elyvilon the Healer
  3211 | D:4      | Noticed Eustachio
  3226 | D:4      | Reached skill level 5 in Shapeshifting
  3244 | D:4      | Killed Eustachio
  3395 | D:4      | Found Uwkouwel's Antique Armour Boutique.
  3657 | D:5      | Entered Level 5 of the Dungeon
  3700 | D:5      | Reached XP level 8. HP: 38/52 MP: 8/8
  3734 | D:5      | Reached * piety under Elyvilon
  3773 | D:5      | Reached skill level 5 in Stealth
  3944 | D:5      | Engulfed by a steam dragon's steam

Illustrated notes

Levels and vault maps discovered:
D:1:      mainiacjoe_arrival_oval_in_oval, layout_basic
D:2:      layout_loops_ring, uniq_sigmund
D:3:      layout_basic
D:4:      layout_basic, minmay_temple_entry_slanted, gammafunk_ghost_cemetery,
          serial_shops, nicolae_stop_n_shop_2, uniq_eustachio
D:5:      layout_loops_ring
Temple:   mainiacjoe_temple_cubbyholes

Skill      XL: |  1  2  3  4  5  6  7  8 |
---------------+-------------------------+-----
Stealth        | 1 2 3 4 5 |  5.3
Fighting       | 2 3 |  3.9
Unarmed Combat | 4 5 6 |  6.4
Shapeshifting  | 4 5 6 |  6.0
Dodging        | |  2.0

Action                     |  1- 3 |  4- 6 |  7- 9 || total
---------------------------+-------+-------+-------++-------
  Melee: Unarmed           |    28 |    23 |    53 ||   104
         Constrict         |    10 |     1 |    12 ||    23
         Tentacles         |     4 |     3 |     7 ||    14
         Punch             |     1 |       |     1 ||     2
   Fire: Hand cannon       |    12 |    57 |    36 ||   105
  Evoke: Wand              |       |       |     2 ||     2
    Use: Potion            |       |     1 |     3 ||     4
   Stab: Sleeping          |     4 |       |       ||     4
 Armour: Skin              |    16 |    37 |    49 ||   102
  Dodge: Dodged            |    11 |    23 |    43 ||    77

Table legend: (Time is in decaauts)
 A = Elapsed time spent in this place.
 B = Non-inter-level travel time spent in this place.
 C = Inter-level travel time spent in this place.
 D = Time resting spent in this place.
 E = Time spent auto-exploring this place.
 F = Levels seen in this place.
 G = Mean time per level.
                   A        B        C        D        E       F      G
               +--------+--------+--------+--------+--------+-----+--------+
         Total |   4016 |   3842 |    174 |    370 |   2873 |   6 |  669.3 |
       Dungeon |   3939 |   3833 |    106 |    370 |   2873 |   5 |  787.8 |
        Temple |     76 |      8 |     68 |      0 |      0 |   1 |   76.0 |
               +--------+--------+--------+--------+--------+-----+--------+

Top non-repeatable levels by time:
     D:4: 1077 daAuts
     D:3: 1023 daAuts
     D:2: 797 daAuts
     D:1: 743 daAuts
     D:5: 297 daAuts
  Temple: 76 daAuts
